 Dungeon Crawl Stone Soup version 0.30.0-3-ga4e48a9924 (webtiles) character file.

Game seed: 17967522102088171457

73189 Jase the Warrior (level 15, -2/141 HPs)
             Began as a Minotaur Fighter on May 6, 2023.
             Was the Champion of Dithmenos.
             Slain by a jumping spider (4 damage)
             ... on level 1 of the Spider Nest on May 7, 2023.
             The game lasted 01:38:37 (24416 turns).

Jase the Warrior (Minotaur Fighter)                Turns: 24416, Time: 01:38:37

Health: -2/141     AC: 24    Str: 22 (23) XL:     15   Next: 3%
Magic:  0/6        EV:  8    Int:  4 (5)  God:    Dithmenos [******]
Gold:   1643       SH:  0    Dex: 15 (19) Spells: 14/14 levels left

rFire   . . .        a - +7 dagger of Stickiness {antimagic, Dex+4}
rCold   + . .        n - +0 buckler
rNeg    + . .        t - +5 scale mail "Ecopawot" {rElec Stlth+}
rPois   .            z - +2 hat
rElec   +            (no cloak)
rCorr   +            q - +2 pair of gloves
SInv    .            M - +2 pair of boots {rampage}
Will    +....        X - amulet "Tuiqu" {rN+ Regen+ Stlth+}
Stlth   ++++++++++   R - ring of protection from cold
HPRegen 1.23/turn    Z - ring of resist corrosion
MPRegen 0.10/turn

%: rampage
@: held, slowed, wreathed by umbra, very slow
A: horns 2, retaliatory headbutt
a: Renounce Religion, Shadow Step, Shadow Form


You were on level 1 of the Spider Nest.
You worshipped Dithmenos.
Dithmenos was exalted by your worship.
You visited 5 branches of the dungeon, and saw 21 of its levels.
You also visited: Sewer and Gauntlet.

You collected 2741 gold pieces.
You spent 1098 gold pieces at shops.

Inventory:

Hand Weapons
 a - the +7 dagger of Stickiness (weapon) {antimagic, Dex+4}
   (You found it on level 4 of the Dungeon)

   Dex:       It affects your dexterity (+4).
 b - the +3 rapier "Geesiyg" {spect, Fragile rN+ Stlth+}
   (You found it on level 12 of the Dungeon)

   rN:        It protects you from negative energy.
   Fragile:   It will be destroyed if unequipped.
   Stlth:     It makes you more stealthy.
 c - the +8 battleaxe of Urgency {elec, Str+7 Dex+2}
   (You found it in a Gauntlet)

   Str:       It affects your strength (+7).
   Dex:       It affects your dexterity (+2).
 d - a +1 demon blade of venom
Missiles
 w - 4 throwing nets (quivered)
 J - 3 curare-tipped darts
 Y - 4 silver javelins
Armour
 n - a +0 buckler (worn)
 q - a +2 pair of gloves (worn)
 t - the +5 scale mail "Ecopawot" (worn) {rElec Stlth+}
   (You found it on level 9 of the Dungeon)

   rElec:     It insulates you from electricity.
   Stlth:     It makes you more stealthy.
 u - the +8 scale mail of the Monkey {rF+++ Dex-5 Slay+4 Stlth+}
   (You bought it in a shop on level 1 of the Dungeon)

   Dex:       It affects your dexterity (-5).
   Slay:      It affects your accuracy & damage with ranged weapons and melee
   (+4).
   rF:        It renders you almost immune to fire.
   Stlth:     It makes you more stealthy.
 z - a +2 hat (worn)
 M - a +2 pair of boots of rampaging (worn)
 Q - a +2 ring mail of cold resistance
Jewellery
 g - a ring of poison resistance
 y - a +4 ring of protection
 R - a ring of protection from cold (left hand)
 T - a ring of flight
 W - a +4 ring of protection
 X - the amulet "Tuiqu" (around neck) {rN+ Regen+ Stlth+}
   (You took it off a minotaur in a Gauntlet)

   [amulet of regeneration]

   rN:        It protects you from negative energy.
   Regen:     It increases your rate of health regeneration.
   Stlth:     It makes you more stealthy.
 Z - a ring of resist corrosion (right hand)
Wands
 i - a wand of flame (73)
 l - a wand of polymorph (4)
 C - a wand of iceblast (19)
 N - a wand of light (11)
Scrolls
 e - 12 scrolls of teleportation
 f - 2 scrolls of amnesia
 k - 6 scrolls of blinking
 m - 4 scrolls of fear
 v - 4 scrolls of fog
 x - 6 scrolls of magic mapping
 A - 3 scrolls of summoning
 F - 7 scrolls of enchant armour
 G - 8 scrolls of identify
 K - 2 scrolls of silence
Potions
 h - 10 potions of curing
 j - 5 potions of resistance
 o - 9 potions of heal wounds
 p - 2 potions of flight
 s - a potion of ambrosia
 B - 8 potions of mutation
 D - 3 potions of cancellation
 E - a potion of lignification
 H - 2 potions of magic
 L - 4 potions of brilliance
 S - a potion of might
Miscellaneous
 P - a phantom mirror
 U - a condenser vane (inert)
 V - a lightning rod (2/4)


   Skills:
 + Level 15.3 Fighting
 + Level 11.4 Short Blades
 - Level 1.0(7.9) Long Blades
 - Level 7.2(7.3) Axes
 - Level 0.8(4.5) Maces & Flails
 + Level 14.5 Armour
 + Level 12.6 Dodging
 + Level 10.3 Stealth
 - Level 3.6 Shields
 + Level 6.9 Invocations


You had 14 spell levels left.
You didn't know any spells.
Your spell library contained the following spells:

 Spells                   Type           Power      Damage    Failure   Level
 Shock                    Conj/Air       0%         1d3       80%         1
 Slow                     Hex            0%         N/A       80%         1
 Lesser Beckoning         Tloc           0%         N/A       91%         2
 Static Discharge         Conj/Air       0%         2-2/arc   91%         2
 Sublimation of Blood     Necr           0%         N/A       91%         2
 Confusing Touch          Hex            0%         N/A       99%         3
 Gell's Gravitas          Tloc           0%         N/A       99%         3
 Hailstorm                Conj/Ice       0%         3d3       99%         3
 Stone Arrow              Conj/Erth      0%         3d7       99%         3
 Summon Guardian Golem    Hex/Summ       0%         N/A       99%         3
 Swiftness                Air            0%         N/A       99%         3
 Teleport Other           Tloc           0%         N/A       99%         3
 Vampiric Draining        Necr           0%         2d6       99%         3
 Airstrike                Air            0%         2d(0-16)  100%        4
 Animate Armour           Summ/Erth      0%         N/A       100%        4
 Ice Form                 Ice/Tmut       0%         N/A       100%        4
 Petrify                  Tmut/Erth      0%         N/A       100%        4
 Summon Lightning Spire   Summ/Air       0%         N/A       100%        4
 Irradiate                Conj/Tmut      0%         3d11      100%        5
 Simulacrum               Ice/Necr       0%         N/A       100%        6
 Orb of Destruction       Conj           0%         9d5       100%        7
 Spellforged Servitor     Conj/Summ      0%         N/A       100%        7
 Lehudib's Crystal Spear  Conj/Erth      0%         10d2      100%        8


Dungeon Overview and Level Annotations

Branches:
Dungeon (12/15)            Temple (1/1) D:7            Lair (5/5) D:9
  Swamp (0/4) Lair:2       Spider (1/4) Lair:2        Slime (0/5) Lair:5
    Orc (2/2) D:12            Elf (0/3) Orc:2         Sewer (visited)
Gauntlet (visited)

Altars:
Ashenzari
Cheibriados
Dithmenos
Gozag
Kikubaaqudgha
Nemelex Xobeh
Okawaru
Qazlal
Ru
Sif Muna
Trog
Uskayaw
Vehumet
Wu Jian
Xom
Yredelemnul
Zin
The Shining One

Shops:
D:1 ?[*!   D:11 *   Orc:2 *?(*

Portals:
Abyss: Lair:1

Annotations:
D:12 3 runed translucent doors, exclusion: obsidian statue, meatpath's ghost, journeyman MiBe
Lair:1 2 transporters, avis's ghost, journeyman VSTm
Lair:3 8 exclusions
Lair:4 3 runed translucent doors, jujuben's ghost, journeyman KoEn; superbruh's ghost, journeyman GrMo


Innate Abilities, Weirdness & Mutations

You have a pair of horns on your head.
You reflexively headbutt those who attack you in melee.


Message History

The redback completely misses you.
The orb of destruction hits a rock wall.
You block something's attack. Something hits you!
You feel clumsy.
Something stings you but does no damage.
The jumping spider closely misses you.
The jumping spider bites you but does no damage.
The redback barely misses you.
The moth of wrath goads the torpor snail on!
The torpor snail goes berserk!
Unknown command.
Unknown command.
Aiming: Thunderbolt
Press: ? - help, Shift-Dir - straight line, f - orb spider
Aim: an orb spider (umbra)
The thunderbolt hits something!
The thunderbolt hits the culicivora!!
The culicivora is severely wounded.
The thunderbolt hits the orb spider!!
The orb spider is heavily wounded.
You hear a faint skittering sound.
The jumping spider pounces on you but does no damage.
The jumping spider misses you.
The redback bites you but does no damage.
The jumping spider pounces on you!
* * * LOW HITPOINT WARNING * * *
You are caught in a web!
The jumping spider bites you but does no damage.
The redback bites you!!
* * * LOW HITPOINT WARNING * * *
You emit a cloud of dark smoke.
You feel you are being watched by something.
Something hits you but does no damage. Something hits you.
* * * LOW HITPOINT WARNING * * *
You feel weakened. Something stings you.
* * * LOW HITPOINT WARNING * * *
The jumping spider pounces on you!
* * * LOW HITPOINT WARNING * * *
The jumping spider bites you.
You die...

..#
##.†..###..#
#...
#...######..#
#...#
##..###.#.##..#
...
#..###.....##.#
#..#........#.#
#..#........ #
#§§##..§..##
#§§##○s§..^#
#§s@{s.#
#§##ssys# ...
#w§§.# ....
###....s.#
s..... ##.....#
.s.s>. ...!..#
.... ......#
...^### #^#^#


You could see a torpor snail (berserk), a moth of wrath, 2 orb spiders, a
culicivora (berserk), a jumping spider (berserk) and 2 redbacks.

Vanquished Creatures
  Rupert (D:12)
  A minotaur (Gauntlet)
  2 hydras (Lair:5)
  Harold (Orc:1)
  Erolcha (Orc:1)
  Erica (Orc:1)
  2 catoblepae
  A boulder beetle (Spider:1)
  2 ogre magi (Orc:2)
  6 death yaks
  An orc high priest (Orc:1)
  10 two-headed ogres
  A skyshark (Lair:5)
  A pharaoh ant (Spider:1)
  An iron troll (Orc:2)
  Lodul (D:11)
  An orb spider (Spider:1)
  A deep troll (Orc:2)
  A steelbarb worm (Spider:1)
  A lindwurm (Lair:5)
  An orc sorcerer (Orc:1)
  2 cyclopes (Orc:2)
  An elephant (Lair:3)
  A wolf spider (Spider:1)
  A manticore (D:12)
  Joseph (D:9)
  Maurice (D:10)
  3 black mambas
  2 torpor snails
  A gargoyle (Gauntlet)
  A minotaur zombie (Gauntlet)
  5 rime drakes
  2 kobold demonologists (D:12)
  9 cane toads
  5 komodo dragons
  A tengu conjurer (D:12)
  11 trolls
  7 polar bears
  2 tarantellas (Spider:1)
  4 hornets (Lair:5)
  2 dream sheep (Lair:5)
  3 jumping spiders (Spider:1)
  2 culicivoras
  8 blink frogs
  4 slime creatures
  5 flying skulls (Gauntlet)
  4 shadows
  7 wyverns
  2 large abominations (Gauntlet)
  A vampire (D:10)
  14 spriggans (Lair:5)
  66 yaks
  4 wraiths
  2 basilisks
  A steam dragon (D:8)
  7 redbacks (Spider:1)
  4 vampire mosquitoes (D:11)
  2 wargs
  2 acid dragons
  14 water moccasins
  Duvessa (D:7)
  6 small abominations (Gauntlet)
  2 sky beasts (D:7)
  2 black bears
  21 orc warriors
  4 boggarts (Lair:5)
  37 ogres
  27 wolves
  5 centaurs
  A phantom (D:5)
  10 kobold brigands
  9 bullfrogs
  A gnoll sergeant (D:8)
  A scorpion (D:5)
  10 wights
  Dowan (D:7)
  3 killer bees (D:6)
  4 howler monkeys
  4 jellies
  3 sleepcaps
  2 gnoll boudas (D:8)
  5 hounds
  15 orc priests
  Jessica (D:2)
  Natasha (thrice) (D:2)
  7 hell rats (Lair:5)
  20 orc wizards
  2 iguanas (D:5)
  8 gnolls
  11 adders
  4 shadow imps
  2 white imps
  2 ufetubi
  3 dart slugs
  57 orcs
  9 ball pythons
  9 endoplasms
  7 giant cockroaches
  2 goblins
  8 hobgoblins
  3 jackals (D:2)
  27 kobolds
  6 bats
  6 frilled lizards
  5 rats
628 creatures vanquished.

Vanquished Creatures (others)
  A redback (Spider:1)
  An orc (D:8)
  23 fungi
  68 plants
  8 withered plants
101 creatures vanquished.

Grand Total: 729 creatures vanquished

Notes
Turn   | Place    | Note
-------+----------+-------------------------------------------
     0 | D:1      | Jase the Minotaur Fighter began the quest for the Orb.
     0 | D:1      | Reached XP level 1. HP: 19/19 MP: 0/0
    30 | D:1      | Found Wieteol's Magic Scroll Emporium.
   140 | D:1      | Reached skill level 4 in Fighting
   140 | D:1      | Reached XP level 2. HP: 27/27 MP: 1/1
   165 | D:1      | Found Elejup's Antique Armour Emporium.
   203 | D:1      | Bought a scroll of identify for 24 gold pieces
   605 | D:1      | Found Voesov's Distillery.
   618 | D:1      | Bought a potion of curing for 33 gold pieces
   651 | D:1      | Found Aliothrott's Assorted Antiques.
   994 | D:1      | Reached XP level 3. HP: 34/34 MP: 2/2
  1229 | D:2      | Noticed Natasha
  1243 | D:2      | Killed Natasha
  1266 | D:2      | Noticed Natasha
  1274 | D:2      | Killed Natasha
  1275 | D:2      | Reached skill level 5 in Fighting
  1275 | D:2      | Reached XP level 4. HP: 39/42 MP: 3/3
  1337 | D:2      | Noticed Jessica
  1359 | D:2      | Killed Jessica
  1561 | D:1      | Bought a scroll of identify for 50 gold pieces
  1877 | D:1      | Bought a potion of flight for 33 gold pieces
  1897 | D:2      | Noticed Natasha
  1905 | D:2      | Killed Natasha
  1906 | D:2      | Reached XP level 5. HP: 31/50 MP: 4/4
  2697 | D:1      | Bought a scroll of vulnerability for 48 gold pieces
  2880 | D:4      | Found a glowing drain.
  2897 | D:4      | Identified the +7 dagger of Stickiness {antimagic, Dex+4}
  2931 | Sewer    | Entered a sewer
  3055 | Sewer    | Reached skill level 6 in Fighting
  3055 | Sewer    | Reached skill level 5 in Armour
  3055 | Sewer    | Reached skill level 1 in Dodging
  3055 | Sewer    | Reached XP level 6. HP: 43/57 MP: 5/5
  3059 | Sewer    | Identified the +2 chain mail "Onaomemniti" {Regen+ Str+3
                  | Int+4 Dex+3}
  3890 | D:5      | Entered Level 5 of the Dungeon
  3990 | D:5      | Reached skill level 1 in Short Blades
  4117 | D:5      | Reached skill level 7 in Fighting
  4117 | D:5      | Reached XP level 7. HP: 66/66 MP: 2/6
  4477 | D:1      | Bought a scroll of blinking for 90 gold pieces
  4812 | D:5      | Reached skill level 8 in Fighting
  5015 | D:6      | Reached XP level 8. HP: 73/74 MP: 2/7
  5256 | D:6      | Reached skill level 1 in Stealth
  5439 | D:1      | Bought a scroll of identify for 24 gold pieces
  5949 | D:1      | Bought a scroll of identify for 24 gold pieces
  6685 | D:7      | Reached skill level 9 in Fighting
  6718 | D:7      | Found a staircase to the Ecumenical Temple.
  6722 | D:7      | Noticed Duvessa
  6725 | D:7      | Noticed Dowan
  6731 | D:7      | Killed Dowan
  6732 | D:7      | Reached XP level 9. HP: 79/83 MP: 2/8
  6740 | D:7      | Killed Duvessa
  6741 | D:7      | Reached skill level 5 in Dodging
  6900 | D:1      | Bought a scroll of identify for 24 gold pieces
  7078 | Temple   | Entered the Ecumenical Temple
  7104 | Temple   | Became a worshipper of Dithmenos the Shadowed
  7193 | D:7      | Reached skill level 5 in Short Blades
  7294 | D:7      | Found a glowing golden altar of the Shining One.
  7648 | D:8      | Reached skill level 10 in Fighting
  7696 | D:8      | Reached XP level 10. HP: 93/93 MP: 3/9
  7723 | D:8      | Reached * piety under Dithmenos
  7951 | D:8      | Found a sparkling altar of Nemelex Xobeh.
  7957 | D:8      | Found a sacrificial altar of Ru.
  7957 | D:8      | Found a stormy altar of Qazlal.
  7957 | D:8      | Found a broken altar of Ashenzari.
  7968 | D:8      | Found a glowing silver altar of Zin.
  7973 | D:8      | Found a snail-covered altar of Cheibriados.
  8187 | D:1      | Bought a scroll of enchant weapon for 90 gold pieces
  8624 | D:8      | Reached ** piety under Dithmenos
  8648 | D:8      | Reached skill level 5 in Stealth
  9252 | D:1      | Bought a scroll of immolation for 48 gold pieces
  9464 | D:9      | Reached skill level 1 in Invocations
  9559 | D:9      | Found a staircase to the Lair.
  9636 | D:9      | Noticed Joseph
  9652 | D:9      | Killed Joseph
  9804 | D:9      | Reached skill level 11 in Fighting
  9815 | D:9      | Reached XP level 11. HP: 93/102 MP: 3/11
  9862 | D:9      | Identified the +5 scale mail "Ecopawot" {rElec Stlth+}
 10087 | D:1      | Bought an embroidered scarf for 200 gold pieces
 10484 | D:9      | Reached skill level 10 in Armour
 10567 | D:10     | Entered Level 10 of the Dungeon
 10643 | D:10     | Noticed Maurice
 10657 | D:10     | Killed Maurice
 11266 | D:10     | Noticed a deep elf pyromancer
 11272 | D:10     | Noticed a two-headed ogre
 11723 | D:11     | Noticed a two-headed ogre
 11735 | D:11     | Killed a two-headed ogre
 11826 | D:11     | Noticed a two-headed ogre
 11834 | D:11     | Killed a two-headed ogre
 11974 | D:11     | Reached *** piety under Dithmenos
 12138 | D:11     | Noticed Lodul
 12230 | Lair:1   | Entered Level 1 of the Lair of Beasts
 12422 | D:1      | Bought a pair of embroidered gloves for 187 gold pieces
 12744 | Lair:1   | Found a transporter.
 12750 | Lair:1   | Noticed a spriggan rider
 12751 | Lair:1   | Noticed a white ugly thing
 12752 | Lair:1   | Found a one-way gate to the infinite horrors of the Abyss.
 12752 | Lair:1   | Noticed avis's ghost (journeyman VSTm)
 12773 | Lair:1   | Noticed a white ugly thing
 13190 | Lair:1   | Reached skill level 12 in Fighting
 13247 | Lair:1   | Reached XP level 12. HP: 93/112 MP: 4/14
 13388 | Lair:1   | Found a transporter.
 13879 | Lair:2   | Found a hole to the Spider Nest.
 14411 | Lair:2   | Found a staircase to the Swamp.
 14416 | Lair:2   | Reached **** piety under Dithmenos
 14612 | Spider:1 | Entered Level 1 of the Spider Nest
 14972 | Lair:3   | Found a gate leading to a gauntlet.
 14981 | Gauntlet | Entered a Gauntlet
 14981 | Gauntlet | Found a transporter.
 14981 | Gauntlet | Found a transporter.
 14985 | Gauntlet | Found a transporter.
 14985 | Gauntlet | Found a transporter.
 14987 | Gauntlet | Noticed a catoblepas
 15007 | Gauntlet | Found a transporter.
 15014 | Gauntlet | Noticed a death yak
 15015 | Gauntlet | Noticed a death yak
 15017 | Gauntlet | Found a transporter.
 15017 | Gauntlet | Found a transporter.
 15032 | Gauntlet | Noticed a death yak
 15041 | Gauntlet | Found a transporter.
 15048 | Gauntlet | Found a transporter.
 15062 | Gauntlet | Found a transporter.
 15112 | Gauntlet | Found a transporter.
 15121 | Gauntlet | Found a transporter.
 15135 | Gauntlet | Found a transporter.
 15220 | Gauntlet | Found a transporter.
 15235 | Gauntlet | Found a transporter.
 15256 | Gauntlet | Found a transporter.
 15388 | Gauntlet | Killed a catoblepas
 15797 | Gauntlet | Identified the ring of Roakhumi {rC- rN+ Will+ Str-3 Int+7}
 16044 | Gauntlet | Identified the amulet "Tuiqu" {rN+ Regen+ Stlth+}
 16044 | Gauntlet | Noticed a minotaur
 16078 | Gauntlet | Killed a minotaur
 16079 | Gauntlet | Reached skill level 10 in Dodging
 16325 | Gauntlet | Identified the +8 battleaxe of Urgency {elec, Str+7 Dex+2}
 16325 | Gauntlet | Identified the staff of poison "Bugenax" {rElec rPois rF+
                  | Will- Dex+4}
 16379 | Gauntlet | Reached skill level 10 in Short Blades
 16571 | Lair:3   | Reached skill level 13 in Fighting
 17090 | Lair:4   | Noticed a death yak
 17091 | Lair:4   | Noticed a death yak
 17092 | Lair:4   | Noticed a death yak
 17095 | Lair:4   | Noticed a death yak
 17098 | Lair:4   | Noticed a death yak
 17100 | Lair:4   | Noticed a death yak
 17119 | Lair:3   | Killed a death yak
 17474 | Lair:3   | Killed a death yak
 17475 | Lair:3   | Reached skill level 5 in Axes
 17579 | Lair:3   | Killed a death yak
 17580 | Lair:3   | Reached XP level 13. HP: 88/122 MP: 5/15
 17933 | Lair:4   | Found a runed translucent gate.
 17934 | Lair:4   | Found a runed translucent gate.
 17935 | Lair:4   | Found a runed translucent gate.
 17937 | Lair:4   | Noticed jujuben's ghost (journeyman KoEn)
 17937 | Lair:4   | Noticed superbruh's ghost (journeyman GrMo)
 18054 | Lair:4   | Identified the +9 flail of Ewapnuaril {flame, Int+7 SInv}
 18405 | D:11     | Killed Lodul
 18593 | D:1      | Bought a dazzling scale mail for 207 gold pieces
 18593 | D:1      | Identified the +8 scale mail of the Monkey {rF+++ Dex-5
                  | Slay+4 Stlth+} (You bought it in a shop on level 1 of the
                  | Dungeon)
 18808 | D:11     | Found Wucuhan's General Store.
 18817 | D:11     | Bought a potion of degeneration for 16 gold pieces
 19542 | D:12     | Found a hide-covered altar of Uskayaw.
 19563 | D:12     | Identified the +3 rapier "Geesiyg" {spect, Fragile rN+
                  | Stlth+}
 19604 | D:12     | Found a runed translucent gate.
 19604 | D:12     | Found an opulent altar of Gozag.
 19605 | D:12     | Found a runed translucent gate.
 19605 | D:12     | Found a runed translucent gate.
 19609 | D:12     | Noticed a sphinx
 19612 | D:12     | Noticed meatpath's ghost (journeyman MiBe)
 19874 | D:12     | Noticed Rupert
 19879 | D:12     | Killed Rupert
 19883 | D:12     | Found a staircase to the Orcish Mines.
 19898 | D:12     | Reached ***** piety under Dithmenos
 20076 | Orc:1    | Entered Level 1 of the Orcish Mines
 20077 | Orc:1    | Noticed Erica
 20087 | Orc:1    | Noticed Erolcha
 20110 | Orc:1    | Killed Erica
 20120 | Orc:1    | Killed Erolcha
 20203 | Orc:1    | Upgraded the game from 0.30.0 to 0.30.0-3-ga4e48a9924
 20281 | Orc:1    | Reached skill level 14 in Fighting
 20321 | Orc:1    | Noticed Harold
 20358 | Orc:1    | Killed Harold
 20723 | Orc:1    | Paralysed by an orc sorcerer for 3 turns
 20790 | Orc:2    | Entered Level 2 of the Orcish Mines
 20790 | Orc:2    | Found a staircase to the Elven Halls.
 21021 | Orc:2    | Found Geeppuvu's Magic Scroll Boutique.
 21188 | Orc:2    | Reached ****** piety under Dithmenos
 21318 | Orc:2    | Reached skill level 5 in Invocations
 21387 | Orc:2    | Reached XP level 14. HP: 117/132 MP: 5/16
 21624 | Orc:2    | Found Luaneidd's Assorted Antiques.
 21625 | Orc:2    | Found Visusun's Antique Weapon Shoppe.
 21695 | Orc:2    | Found Kaxto's Assorted Antiques.
 22417 | Lair:5   | Entered Level 5 of the Lair of Beasts
 22815 | Lair:5   | Reached skill level 10 in Stealth
 22942 | Lair:5   | Reached skill level 15 in Fighting
 23368 | Lair:5   | Found a staircase to the Slime Pits.
 24164 | Spider:1 | Reached skill level 1 in Long Blades
 24339 | Spider:1 | Reached XP level 15. HP: 141/141 MP: 1/19
 24416 | Spider:1 | HP: 2/141 [jumping spider (7)]
 24416 | Spider:1 | Slain by a jumping spider

Illustrated notes

Levels and vault maps discovered:
D:1:      lightli_arrival_quake, layout_basic, serial_shops, shop, shop,
          nicolae_shop_temple_entry_statues_fountains, shop, minmay_hedge_maze,
          roderic_lattice_a, minmay_cupped
D:2:      layout_basic, hangedman_decor_riveting, minmay_tetromino_i2,
          uniq_jessica, uniq_natasha
D:3:      layout_basic
D:4:      layout_gridville, nicolae_overflow_hidden_temple,
          gup_sewer_entry_glass
D:5:      layout_basic, st_stairs_4
D:6:      layout_basic
D:7:      minmay_chambers_of_fours, layout_basic, general_overflow_altar,
          minmay_temple_entry_proselytizer, uniq_duvessa
D:8:      kennysheep_housing_project, layout_rooms, minmay_overflow_temple_hex,
          st_stairs_3
D:9:      layout_irregular_city, minmay_lair_entry_grove, uniq_joseph
D:10:     layout_cave_pods, minmay_misc_feat_doors,
          onia_ninara_dug_in_and_dangerous, uniq_maurice
D:11:     layout_irregular_city, serial_shops, nicolae_shop_trees,
          minmay_misc_feat_square, uniq_lodul
D:12:     layout_loops_ring, kennysheep_orc_monster_closet_entryway,
          ebering_ghost_gozag, hangedman_abyss_or_decor_passed,
          eat_drink_and_be_merry_uskayaw, uniq_rupert
Temple:   nicolae_temple_bog_church
Lair:1:   layout_gridlike, gammafunk_ghost_abyssal_escape
Lair:2:   layout_cave_pods, swamp_mist, spider_nest_entry_rubble,
          grunt_megastairs_2
Lair:3:   layout_long_grid, gauntlet_entry_generic
Lair:4:   layout_hall_layers, gammafunk_ghost_cemetery, beast_lair_carwin_5
Lair:5:   minmay_lair_end_enchanted_forest, layout_small_grid,
          minmay_slime_entry_pillars, chequers_serial_rivers_small_b,
          grunt_megastairs_1, lemuel_fruit_tree, lemuel_fruit_fields
Spider:1: layout_cave_pods, nicolae_spider_moth_buddies
Orc:1:    layout_caves, basic_altar, bh_open_orc_temple, uniq_erolcha,
          uniq_harold, uniq_erica
Orc:2:    st_orc_open, layout_diamond_mine

Skill      XL: |  1  2  3  4  5  6  7  8  9 10 11 12 13 14 |
---------------+-------------------------------------------+-----
Fighting       | 4 5 6 7 8 9 10 11 12 13 14 15 | 15.3
Armour         | 4 5 6 7 8 9 11 12 13 14 | 14.5
Axes           | 3 4 5 7 |  7.2
Dodging        | 1 2 3 4 6 7 9 10 11 12 | 12.6
Short Blades   | 1 2 4 6 7 8 10 11 | 11.4
Stealth        | 2 4 5 6 8 9 10 | 10.3
Invocations    | 2 4 5 6 |  6.9
Long Blades    | 1 |  1.0
Maces & Flails | |  0.8
Shields        | |  3.6

Action                     |  1- 3 |  4- 6 |  7- 9 | 10-12 | 13-15 || total
---------------------------+-------+-------+-------+-------+-------++-------
  Melee: War axe           |    63 |   130 |       |       |       ||   193
         Headbutt          |     4 |    16 |    70 |   336 |   449 ||   875
         Dagger            |       |    18 |   324 |  1115 |  1583 ||  3040
         Unarmed           |       |       |       |    16 |       ||    16
         Scimitar          |       |       |       |       |     8 ||     8
  Evoke: Lightning rod     |       |       |       |       |     2 ||     2
         Condenser vane    |       |       |       |       |     1 ||     1
    Use: Scroll            |     2 |     4 |     9 |     6 |     5 ||    26
         Potion            |       |       |     1 |     4 |     6 ||    11
   Stab: Sleeping          |       |       |       |    14 |    40 ||    54
         Confused          |       |       |       |     1 |       ||     1
         Invisible         |       |       |       |     1 |     1 ||     2
         Distracted        |       |       |       |       |    10 ||    10
 Armour: Scale mail        |    34 |    16 |       |   169 |   422 ||   641
         Chain mail        |       |    57 |   124 |    88 |       ||   269
         Skin              |       |       |       |     2 |       ||     2
         Leather armour    |       |       |       |       |     6 ||     6
  Dodge: Dodged            |    31 |    60 |   115 |   409 |   735 ||  1350
         Repelled          |       |       |       |     2 |       ||     2
  Block: Buckler           |     9 |    34 |    70 |   170 |   242 ||   525
